 Dungeon Crawl Stone Soup version 0.31.0-32-g396128a36d (webtiles) character file.

Game seed: 6725014342457210234

86 PaiMei the Grave Robber (level 4, -1/30 HPs)
             Began as a Demonspawn Necromancer on Mar 22, 2024.
             Slain by an orc
             ... wielding a +0 hand axe
              (4 damage)
             ... on level 3 of the Dungeon.
             The game lasted 00:02:33 (1911 turns).

PaiMei the Grave Robber (Demonspawn Necromancer)    Turns: 1911, Time: 00:02:34

Health: -1/30      AC:  2    Str:  9    XL:     4   Next: 27%
Magic:  0/8        EV: 12    Int: 17    God:
Gold:   127        SH:  0    Dex: 13    Spells: 7/8 levels left

rFire   . . .        c - +0 dagger
rCold   . . .        (no shield)
rNeg    . . .        a - +0 robe
rPois   .            (helmet restricted)
rElec   .            e - scarf {shadows}
rCorr   .            (no gloves)
SInv    .            (no boots)
Will    .....        (no amulet)
Stlth   ++           (no ring)
HPRegen 0.25/turn    (no ring)
MPRegen 0.11/turn

%: no passive effects
@: no status effects
A: antennae 2
a: no special abilities


You were on level 3 of the Dungeon.
You visited 1 branch of the dungeon, and saw 3 of its levels.

You collected 127 gold pieces.

Inventory:

Hand Weapons
 c - a +0 dagger (weapon)
Missiles
 h - 9 poisoned darts (quivered)
Armour
 a - a +0 robe (worn)
 e - a scarf of shadows (worn)
Jewellery
 j - a +6 ring of dexterity
Scrolls
 f - 2 scrolls of teleportation {unknown}
 k - a scroll of poison {unknown}
Potions
 b - a potion of magic
 d - a potion of haste {unknown}
 g - 2 potions of curing {unknown}
 i - a potion of mutation {unknown}
 l - 2 potions of attraction {unknown}


   Skills:
 + Level 2.5 Dodging
 + Level 2.7 Stealth
 + Level 2.6 Spellcasting
 + Level 4.9 Necromancy


You had 7 spell levels left.
You knew the following spells:

 Your Spells              Type           Power      Damage    Failure   Level
a - Necrotise             Necr           76%        1d7       2%          1

Your spell library contained the following spells:

 Spells                   Type           Power      Damage    Failure   Level
 Vampiric Draining        Necr           19%        2d7       7%          3
 Animate Dead             Necr           19%        N/A       24%         4
 Curse of Agony           Necr           19%        N/A       54%         5


Dungeon Overview and Level Annotations

Branches:
Dungeon (3/15)

Altars:
Trog


Innate Abilities, Weirdness & Mutations

You have a pair of antennae on your head.


Message History

Confirm with . or Enter, or press ? or * to list all spells.
You don't have enough magic to cast this spell.
You hit the orc but do no damage.
The orc is severely wounded.
The orc closely misses you.
Casting: Necrotise (safe; 2% risk of failure)
Confirm with . or Enter, or press ? or * to list all spells.
Aiming: Necrotise (safe; 2% risk of failure)
Press: ? - help, Shift-Dir - straight line, f/p - orc
Aim: an orc, wielding a +0 hand axe and wearing a +0 ring mail (heavily wounded, chance to affect: 89%)
The orc writhes in agony.
You kill the orc!
The dead are walking!
Casting: Necrotise (safe; 2% risk of failure)
Confirm with . or Enter, or press ? or * to list all spells.
You don't have enough magic to cast this spell.
Casting: Necrotise (safe; 2% risk of failure)
Confirm with . or Enter, or press ? or * to list all spells.
You don't have enough magic to cast this spell.
Casting: Necrotise (safe; 2% risk of failure)
Confirm with . or Enter, or press ? or * to list all spells.
You don't have enough magic to cast this spell.
You completely miss the orc.
The orc is moderately wounded.
The orc hits you with a +0 hand axe.
* * * LOW HITPOINT WARNING * * *
Casting: Necrotise (safe; 2% risk of failure)
Confirm with . or Enter, or press ? or * to list all spells.
You don't have enough magic to cast this spell.
You barely miss the orc.
The orc is moderately wounded.
The orc closely misses you. The orc attacks as it pursues you!
The orc closely misses you.
Casting: Necrotise (safe; 2% risk of failure)
Confirm with . or Enter, or press ? or * to list all spells.
You don't have enough magic to cast this spell.
You closely miss the orc.
The orc is moderately wounded.
The orc hits you with a +0 hand axe.
You die...

.. #....# . ####.# #.# #.#
############ ####
####.###########...........
..##.##......##........###'##+##+
#.##.##.##Z#.##.......##.....#
#.......##.#.##.##.....#.....#
..<..#..........@oZ##..'##'##'#
#######.##.#.##.##..)..#..#)....#
.##........#....##.##.##..#'###+#
..#)###.......#.......##..#..
..#.##.......###.......+..+.._
..#.##.##..#..#..#######..#....
..#.##.##..##.).## #..#+###+
..#...[......... ..####.##..##.#.


You could see an orc (ally target) and a friendly orc skeleton.

Vanquished Creatures
  4 adders
  A ribbon worm (D:3)
  3 orcs (D:3)
  3 endoplasms
  A giant cockroach (D:3)
  6 goblins
  A hobgoblin (D:2)
  A quokka (D:1)
  5 ball pythons
  8 bats
  2 frilled lizards (D:1)
  A kobold (D:1)
  2 rats
38 creatures vanquished.

Vanquished Creatures (collateral kills)
  An endoplasm (D:1)
  A kobold (D:2)
  A quokka (D:1)
  A frilled lizard (D:3)
  A rat (D:1)
5 creatures vanquished.

Grand Total: 43 creatures vanquished

Notes
Turn   | Place    | Note
-------+----------+-------------------------------------------
     0 | D:1      | PaiMei the Demonspawn Necromancer began the quest for the
                  | Orb.
     0 | D:1      | Reached XP level 1. HP: 13/13 MP: 3/3
   157 | D:1      | Discovered your monstrous ancestry.
   157 | D:1      | Gained mutation: You have a pair of small antennae on your
                  | head. [demonic ancestry]
   157 | D:1      | Reached XP level 2. HP: 19/19 MP: 3/5
   887 | D:2      | Gained mutation: You have a pair of antennae on your head.
                  | [demonic ancestry]
   887 | D:2      | Reached XP level 3. HP: 17/24 MP: 0/6
  1403 | D:2      | Found a faded altar of an unknown god.
  1686 | D:3      | Reached XP level 4. HP: 29/30 MP: 1/7
  1878 | D:3      | Found a bloodstained altar of Trog.
  1911 | D:3      | Slain by an orc

Illustrated notes

Levels and vault maps discovered:
D:1:      psy_arrival_heroes, layout_rooms, minmay_parallelograms
D:2:      layout_rooms, shapermc_ecumenical_altar_pompeii
D:3:      layout_loops_cross, mainiacjoe_overflow_24_doors

Skill      XL: |  1 |
---------------+----+-----
Stealth        | 2 |  2.7
Dodging        | 2 |  2.5
Spellcasting   | |  2.6
Necromancy     | |  4.9

Action                     |  1- 3 |  4- 6 || total
---------------------------+-------+-------++-------
  Melee: Dagger            |    33 |    17 ||    50
         Unarmed           |     1 |       ||     1
   Cast: Necrotise         |    61 |    15 ||    76
   Stab: Sleeping          |     1 |       ||     1
 Armour: Robe              |    39 |    17 ||    56
  Dodge: Dodged            |    26 |    19 ||    45
